Map: Frozen Temple

Players

Amane

  • Race: Protoss Protoss
  • League: Master

Pokebunny - Winner!

  • Race: Terran Terran
  • League: Grandmaster

VOD

Have the link to the VOD?

Description

Time

  • Played on: April 5, 2016, 11:49 p.m.
  • Length: 7:07
Show
View Real Time Build Order
Export as new Build Order

Amane Protoss 

Build Orders: 1 Gate Expand, Oracle Opening 

Get SALT Encoding   

  12  0:01  Probe (Chrono Boost)  
  13  0:11  Probe (Chrono Boost)  
  14  0:18  Pylon  
  14  0:22  Probe (Chrono Boost)  
  15  0:36  Probe (Chrono Boost)  
  15  0:37  Gateway  
  15  0:42  Assimilator  
  16  0:47  Probe (Chrono Boost)  
  17  0:57  Probe (Chrono Boost)  
  18  1:08  Probe (Chrono Boost)  
  19  1:25  Nexus  
  19  1:26  Probe (Chrono Boost)  
  20  1:35  Cybernetics Core  
  20  1:38  Probe (Chrono Boost)  
  21  1:43  Assimilator  
  21  1:48  Probe (Chrono Boost)  
  22  1:54  Pylon  
  22  1:59  Probe (Chrono Boost)  
  23  2:12  Adept (Chrono Boost), Probe, Warp Gate  
  26  2:24  Probe  
  26  2:28  Stargate  
  27  2:39  Probe (Chrono Boost)  
  27  2:42  Probe (Chrono Boost)  
  29  2:50  Adept (Chrono Boost)  
  31  2:51  Probe (Chrono Boost)  
  31  2:54  Probe (Chrono Boost)  
  33  3:02  Probe (Chrono Boost)  
  33  3:04  Probe (Chrono Boost)  
  35  3:12  Oracle (Chrono Boost), Probe (Chrono Boost)  
  36  3:13  Probe (Chrono Boost)  
  40  3:33  Probe  
  40  3:34  Probe  
  40  3:40  Sentry  
  44  3:45  Mothership Core (Chrono Boost)  
  44  3:46  Nexus, Pylon  
  46  3:52  Pylon  
  46  4:04  Gateway, Probe (Chrono Boost)  
  46  4:05  Probe (Chrono Boost), Gateway  
  48  4:14  Probe (Chrono Boost)  
  48  4:15  Probe (Chrono Boost)  
  47  4:21  Assimilator  
  47  4:23  Assimilator  
  47  4:25  Probe (Chrono Boost)  
  47  4:26  Probe (Chrono Boost)  
  47  4:27  Robotics Facility  
  49  4:35  Probe (Chrono Boost)  
  49  4:37  Probe (Chrono Boost)  
  51  4:38  Forge  
  51  4:41  Twilight Council  
  51  4:46  Probe (Chrono Boost)  
  51  4:47  Probe (Chrono Boost)  
  51  4:49  Adept  
  55  4:55  Pylon  
  55  4:56  Probe (Chrono Boost)  
  55  4:58  Probe (Chrono Boost)  
  57  5:08  Phoenix  
  57  5:10  Adept x3  
  57  5:11  Resonating Glaives  
  57  5:13  Probe (Chrono Boost)  
  66  5:17  Probe (Chrono Boost)  
  66  5:18  Observer  
  67  5:23  Probe (Chrono Boost)  
  67  5:28  Probe  
  69  5:35  Probe  
  70  5:40  Probe  
  70  5:47  Adept x3, Probe  
  77  5:50  Warp Prism (Chrono Boost)  
  77  5:52  Probe  
  80  5:59  Probe  
  80  6:04  Probe  
  80  6:08  Adept x2  
  84  6:13  Probe  
  85  6:18  Gateway  
  85  6:22  Gateway  
  85  6:23  Phoenix, Gateway  
  79  6:28  Probe  
  68  6:33  Adept x3  
  72  6:55  Adept x2  
  72  6:56  Adept  
Show
View Real Time Build Order
Export as new Build Order

Pokebunny Terran - Winner!

Build Orders: Reaper Expand 

Get SALT Encoding   

  12  0:00  SCV  
  13  0:13  SCV  
  14  0:17  Supply Depot  
  14  0:25  SCV  
  15  0:39  SCV  
  15  0:41  Barracks  
  16  0:45  Refinery  
  16  0:51  SCV  
  17  1:03  SCV  
  18  1:15  SCV  
  19  1:28  Orbital Command  
  19  1:29  Reaper  
  20  1:40  Command Center  
  20  1:49  Supply Depot  
  20  1:54  SCV  
  20  2:00  Marine  
  22  2:07  Factory, SCV  
  23  2:17  Refinery  
  23  2:18  Marine  
  23  2:19  SCV  
  25  2:31  SCV  
  26  2:39  Marine  
  27  2:45  SCV  
  30  2:51  Hellion  
  30  2:52  Starport  
  30  2:55  Orbital Command  
  30  2:58  SCV  
  31  2:59  Marine  
  32  3:09  Engineering Bay  
  32  3:12  Widow Mine  
  35  3:22  SCV x2  
  35  3:24  Barracks Reactor  
  36  3:29  Barracks  
  35  3:36  Missile Turret  
  35  3:38  SCV x2  
  35  3:39  Missile Turret  
  37  3:44  Factory Tech Lab  
  37  3:49  Barracks, Medivac  
  37  3:54  SCV  
  40  3:55  SCV  
  40  3:59  Supply Depot  
  41  4:05  Siege Tank  
  44  4:10  Marine x2  
  45  4:17  Barracks Tech Lab  
  45  4:20  SCV x2  
  47  4:29  Marine x2  
  47  4:30  Medivac, Terran Infantry Weapons Level 1  
  51  4:33  SCV x2  
  51  4:36  Supply Depot  
  51  4:37  Marine  
  54  4:41  Combat Shields  
  54  4:46  Supply Depot  
  54  4:57  Marine x3, SCV x2  
  54  4:58  Marine  
  58  5:09  Siege Tank, Supply Depot  
  61  5:18  Marine x4  
  61  5:19  SCV x2  
  67  5:23  Refinery  
  67  5:30  Medivac  
  69  5:36  Command Center, Marine x4  
  69  5:38  Supply Depot  
  73  5:49  Siege Tank  
  76  5:50  SCV x2  
  78  5:58  Marine x2  
  78  5:59  Marine  
  77  6:08  Marine  
  76  6:13  Bunker  
  76  6:15  Marine x2  
  78  6:20  Marine  
  78  6:21  Siege Tank  
  81  6:26  Marine  
  78  6:33  Marine  
  78  6:37  Starport Reactor  
  78  6:39  Barracks  
  79  6:41  Barracks  
  79  6:46  Bunker  
Tags
 
Add a new tag
Caveats
  • Supply blocks, unpowered buildings, or Contaminate may cause inaccurate times.
  • Supply counts are checked every 10 seconds.